 Dungeon Crawl Stone Soup version 0.32-a0-818-gb728d0252e (webtiles) character file.

Game seed: 14136994942889535862

3650 shadizar the Gusty (level 9, -3/54 HPs)
             Began as a Deep Elf Air Elementalist on Mar 24, 2024.
             Was a Follower of Vehumet.
             Killed by their own static electricity (4 damage)
             ... on level 7 of the Dungeon.
             The game lasted 00:15:39 (8636 turns).

shadizar the Gusty (Deep Elf Air Elementalist)      Turns: 8636, Time: 00:15:39

Health: -3/54      AC:  4    Str:  5    XL:     9   Next: 88%
Magic:  11/20      EV: 13    Int: 25    God:    Vehumet [*.....]
Gold:   509        SH:  0    Dex: 15    Spells: 11/21 levels left

rFire   . . .        s - +3 long sword (holy)
rCold   . . .        (no shield)
rNeg    + . .        o - +1 troll leather armour {Pargi}
rPois   .            (no helmet)
rElec   .            (no cloak)
rCorr   .            (no gloves)
SInv    .            (no boots)
Will    .....        (no amulet)
Stlth   ++           p - ring of positive energy
HPRegen 1.09/turn    c - ring of wizardry
MPRegen 0.17/turn

%: wizardry (x1)
@: no status effects
A: no striking features
a: Renounce Religion


You were on level 7 of the Dungeon.
You worshipped Vehumet.
Vehumet was aware of your devotion.
You visited 2 branches of the dungeon, and saw 9 of its levels.
You also visited: Sewer and Ossuary.

You collected 509 gold pieces.

Inventory:

Hand Weapons
 m - a +2 whip of freezing
 s - a +3 long sword of holy wrath (weapon)
 v - the +5 dagger of Dullness {drain, Str+4}
   (You found it in an ossuary)

   Str+4:     It affects your strength (+4).
Missiles
 q - 5 javelins
Armour
 o - a +1 troll leather armour (worn) {Pargi}
Jewellery
 c - a ring of wizardry (right hand)
 l - a ring of see invisible
 p - a ring of positive energy (left hand)
Wands
 k - a wand of paralysis (4)
 u - a wand of iceblast (3)
Scrolls
 h - 5 scrolls of fog
 j - a scroll of enchant armour
 t - a scroll of acquirement {unknown}
 w - 2 scrolls of identify
 x - 3 scrolls of teleportation
 y - a scroll of immolation
 C - a scroll of enchant weapon
Potions
 a - 3 potions of curing
 b - 2 potions of magic
 e - 3 potions of haste
 f - 4 potions of lignification {unknown}
 g - 3 potions of might
 i - a potion of brilliance
 n - 2 potions of resistance
 r - a potion of ambrosia {unknown}
 z - 2 potions of invisibility {unknown}
 A - 2 potions of berserk rage {unknown}
 B - a potion of mutation {unknown}


   Skills:
 + Level 5.2 Fighting
 - Level 3.3 Armour
 + Level 7.0 Dodging
 + Level 3.3 Stealth
 + Level 6.5 Spellcasting
 + Level 6.9 Conjurations
 + Level 7.8 Air Magic
 - Level 2.6 Alchemy


You had 11 spell levels left.
You knew the following spells:

 Your Spells              Type           Power      Damage    Failure   Level
a - Shock                 Conj/Air       100%       1d9       1%          1
b - Airstrike             Air            23%        2d(4-20)  1%          4
c - Mephitic Cloud        Conj/Alch/Air  37%        N/A       1%          3
d - Static Discharge      Conj/Air       90%        3-7/arc   1%          2

Your spell library contained the following spells:

 Spells                   Type           Power      Damage    Failure   Level
 Sting                    Conj/Alch      100%       1d9       1%          1
 Swiftness                Air            47%        N/A       1%          3
 Dazzling Flash           Conj/Hex       50%        N/A       3%          3
 Hailstorm                Conj/Ice       25%        3d7       3%          3
 Freeze                   Ice            32%        1d5       4%          1
 Slow                     Hex            32%        N/A       4%          1
 Ensorcelled Hibernation  Hex/Ice        16%        N/A       7%          2
 Confusing Touch          Hex            8%         N/A       14%         3
 Frozen Ramparts          Ice            16%        1d3       14%         3
 Inner Flame              Hex/Fire       8%         N/A       14%         3
 Passwall                 Erth           8%         N/A       14%         3
 Vampiric Draining        Necr           8%         2d6       14%         3
 Irradiate                Conj/Alch      16%        3d17      17%         5
 Silence                  Hex/Air        13%        N/A       26%         5
 Curse of Agony           Necr           8%         N/A       75%         5
 Starburst                Conj/Fire      12%        6d5       82%         6
 Ignition                 Fire           4%         3d4       100%        8
 Maxwell's Capacitive Co  Air            23%        ∞         100%        8


Dungeon Overview and Level Annotations

Branches:
Dungeon (8/15)             Temple (1/1) D:7           Sewer (visited)
Ossuary (visited)
   Lair: D:8-11

Altars:
Ashenzari
Cheibriados
Dithmenos
Elyvilon
Fedhas
Gozag
Hepliaklqana
Kikubaaqudgha
Makhleb
Nemelex Xobeh
Okawaru
Qazlal
Ru
Sif Muna
Trog
Uskayaw
Vehumet
Wu Jian
Xom
Yredelemnul
Zin
The Shining One

Shops:
D:4 ([(*?   D:6 (


Message History

Unknown command.
Unknown command.
Unknown command.
Casting: Static Discharge (safe; 1% risk of failure)
Confirm with . or Enter, or press ? or * to list all spells.
Okay, then.
Casting: Static Discharge (safe; 1% risk of failure)
Confirm with . or Enter, or press ? or * to list all spells.
Aiming: Mephitic Cloud (safe; 1% risk of failure)
Press: ? - help, Shift-Dir - straight line, f/p - yak
Aim: a yak (severely wounded, chance to affect: 67%)
Okay, then.
Casting: Mephitic Cloud (safe; 1% risk of failure)
Confirm with . or Enter, or press ? or * to list all spells.
Okay, then.
Casting: Mephitic Cloud (safe; 1% risk of failure)
Confirm with . or Enter, or press ? or * to list all spells.
The yak is struck by an arc of lightning.
The yak is almost dead.
The yak is struck by an arc of lightning!
The yak is almost dead.
The yak is struck by an arc of lightning.
The yak is almost dead.
You are struck by an arc of lightning.
* * * LOW HITPOINT WARNING * * *
The lightning grounds out.
The yak gores you!
* * * LOW HITPOINT WARNING * * *
Unknown command.
Unknown command.
Unknown command.
Unknown command.
Unknown command.
Unknown command.
Casting: Static Discharge (safe; 1% risk of failure)
Confirm with . or Enter, or press ? or * to list all spells.
The yak is struck by an arc of lightning!
You kill the yak!
Vehumet accepts your kill.
You are struck by an arc of lightning.
You die...

#..................###....
#......#............#####.
#......##...#....>........
#..........[#............#
####.....####.....#.......
#.....# ##.............
###...# #......#....)..
#...###..............
#...@†Y......####.#..
############.#<......
#........... #...........
#........... #...........
#)........## ##.##.....##
#.####...##


You could see a yak.

Vanquished Creatures
  Pikel (D:5)
  A hornet (D:7)
  A wraith (D:5)
  3 yaks
  Eustachio (D:5)
  A water moccasin (D:8)
  Duvessa (D:4)
  2 sky beasts (D:7)
  Pargi (Sewer)
  2 ogres
  2 lemures (D:5)
  A phantom (D:5)
  3 elf zombies (Ossuary)
  2 bullfrogs
  A gnoll sergeant (D:6)
  A scorpion (D:7)
  5 wights (D:8)
  Dowan (D:4)
  2 howler monkeys
  A bombardier beetle (D:5)
  2 hounds
  A jelly (D:6)
  3 orc priests
  2 sleepcaps
  2 iguanas
  Natasha (thrice) (D:4)
  6 orc wizards
  4 mummies (Ossuary)
  6 adders
  9 gnolls
  A river rat (D:3)
  A shadow imp (D:7)
  A white imp (D:7)
  2 ufetubi (D:7)
  2 adder zombies (Ossuary)
  3 dart slugs
  3 ribbon worms (D:2)
  15 orcs
  5 endoplasms
  5 giant cockroaches
  4 goblins
  6 hobgoblins
  3 jackals (Sewer)
  9 kobolds
  4 quokkas
  6 ball pythons
  10 bats
  5 frilled lizards
  A goblin zombie (Ossuary)
  A hobgoblin zombie (Ossuary)
  A jackal zombie (Ossuary)
  2 orc zombies (Ossuary)
  7 rats
  2 rat zombies (Ossuary)
170 creatures vanquished.

Notes
Turn   | Place    | Note
-------+----------+-------------------------------------------
     0 | D:1      | shadizar the Deep Elf Air Elementalist began the quest for
                  | the Orb.
     0 | D:1      | Reached XP level 1. HP: 10/10 MP: 6/6
   371 | D:1      | Reached XP level 2. HP: 16/16 MP: 6/8
  1152 | D:2      | Reached skill level 1 in Fighting
  1152 | D:2      | Reached XP level 3. HP: 20/20 MP: 1/10
  1831 | D:2      | Reached XP level 4. HP: 12/25 MP: 3/11
  2331 | D:3      | Found a glowing drain.
  2344 | Sewer    | Entered a sewer
  2478 | Sewer    | Noticed Pargi
  2487 | Sewer    | Killed Pargi
  2488 | Sewer    | Reached XP level 5. HP: 14/30 MP: 4/13
  3005 | D:3      | Reached XP level 6. HP: 35/36 MP: 8/14
  3652 | D:4      | Found Qotreisui's Magic Scroll Boutique.
  3674 | D:4      | Found a bloodstained altar of Trog.
  3790 | D:4      | Noticed Natasha
  3793 | D:4      | Noticed Duvessa
  3796 | D:4      | Killed Natasha
  3796 | D:4      | Noticed Dowan
  3797 | D:4      | Reached skill level 5 in Air Magic
  3859 | D:4      | Killed Duvessa
  3929 | D:4      | Killed Dowan
  3930 | D:4      | Reached skill level 1 in Armour
  4052 | D:4      | Reached XP level 7. HP: 40/40 MP: 9/15
  4157 | D:4      | Found Okaen's Lightly-Used Armoury.
  4310 | D:4      | Noticed Natasha
  4315 | D:4      | Killed Natasha
  4363 | D:4      | Found Masad's Weapon Emporium.
  4363 | D:4      | Noticed Natasha
  4373 | D:4      | Killed Natasha
  4467 | D:4      | Found Foaty's Armour Shoppe.
  4472 | D:4      | Found Ytrarigy's Weapon Shoppe.
  4510 | D:4      | Found Attonio's Distillery.
  4540 | D:5      | Entered Level 5 of the Dungeon
  4882 | D:5      | Found a snail-covered altar of Cheibriados.
  4893 | D:5      | Found an ornate altar of the Wu Jian Council.
  4898 | D:5      | Found an opulent altar of Gozag.
  4899 | D:5      | Found a shimmering altar of Xom.
  4901 | D:5      | Found a glowing golden altar of the Shining One.
  4902 | D:5      | Found a glowing silver altar of Zin.
  4908 | D:5      | Found a blossoming altar of Fedhas.
  4909 | D:5      | Found a shimmering blue altar of Sif Muna.
  4928 | D:5      | Noticed Eustachio
  4929 | D:5      | Noticed a wraith
  4997 | D:5      | Killed a wraith
  5073 | D:5      | Killed Eustachio
  5202 | D:5      | Reached XP level 8. HP: 33/46 MP: 8/16
  5259 | D:5      | Found a hide-covered altar of Uskayaw.
  5268 | D:5      | Noticed Pikel
  5305 | D:5      | Killed Pikel
  5306 | D:5      | Reached skill level 5 in Dodging
  5306 | D:5      | Reached skill level 5 in Conjurations
  5836 | D:6      | Found Notz's Weapon Emporium.
  6081 | D:5      | Learned a level 4 spell: Airstrike
  6085 | D:5      | Learned a level 3 spell: Mephitic Cloud
  6518 | D:6      | Reached XP level 9. HP: 52/52 MP: 12/18
  6927 | D:7      | Found a staircase to the Ecumenical Temple.
  6936 | Temple   | Entered the Ecumenical Temple
  6947 | Temple   | Became a worshipper of Vehumet
  6988 | D:7      | Reached skill level 1 in Alchemy
  7018 | D:7      | Reached skill level 5 in Spellcasting
  7110 | D:7      | Found a sand-covered staircase.
  7140 | Ossuary  | Entered an ossuary
  7360 | Ossuary  | Identified the +5 dagger of Dullness {drain, Str+4}
  7532 | D:7      | Reached * piety under Vehumet
  7532 | D:7      | Offered knowledge of Sting by Vehumet.
  8200 | D:7      | Learned a level 2 spell: Static Discharge
  8341 | D:8      | Reached skill level 5 in Fighting
  8635 | D:7      | HP: 1/54 [yak (10)]
  8636 | D:7      | Killed from afar by themself

Illustrated notes

Levels and vault maps discovered:
D:1:      erik_arrival_orb_chamber, layout_loops_ring, minmay_small_reverse_x
D:2:      layout_loops_cross
D:3:      minmay_chambers_of_twos, layout_basic, portal_sewer_entry_b
D:4:      layout_basic, trog_butcher_becter, serial_shops, shop,
          nicolae_lakefront_shop, shop, shop, shop, minmay_shop_damaged,
          uniq_natasha, uniq_duvessa
D:5:      layout_basic, mainiacjoe_overflow_surrounded_room,
          nicolae_overflow_hallway_of_the_gods, uniq_eustachio, uniq_pikel
D:6:      layout_cave_pools, serial_shops, shop, minivault_5,
          roderic_nine_men_s_morris
D:7:      layout_basic, minmay_temple_entry_overgrown,
          nicolae_ossuary_entry_plus
D:8:      layout_rooms, uniq_prince_ribbit1
Temple:   hellmonk_temple_flake

Skill      XL: |  1  2  3  4  5  6  7  8  9 |
---------------+----------------------------+-----
Fighting       | 1 2 3 4 5 |  5.2
Conjurations   | 2 3 4 5 6 |  6.9
Air Magic      | 4 5 6 7 |  7.8
Spellcasting   | 4 6 |  6.5
Armour         | 1 2 3 |  3.3
Dodging        | 3 4 5 7 |  7.0
Alchemy        | 2 |  2.6
Stealth        | 3 |  3.3

Action                     |  1- 3 |  4- 6 |  7- 9 || total
---------------------------+-------+-------+-------++-------
  Melee: Long sword        |       |       |    14 ||    14
   Cast: Shock             |    86 |   123 |   289 ||   498
         Mephitic Cloud    |       |       |     4 ||     4
         Static Discharge  |       |       |    14 ||    14
         Airstrike         |       |       |     8 ||     8
    Use: Scroll            |       |    12 |     5 ||    17
         Potion            |       |       |     3 ||     3
 Armour: Robe              |     6 |    13 |       ||    19
         Troll leather arm |       |     8 |   154 ||   162
  Dodge: Dodged            |    12 |    17 |   126 ||   155

Table legend: (Time is in decaauts)
 A = Elapsed time spent in this place.
 B = Non-inter-level travel time spent in this place.
 C = Inter-level travel time spent in this place.
 D = Time resting spent in this place.
 E = Time spent auto-exploring this place.
 F = Levels seen in this place.
 G = Mean time per level.
                   A        B        C        D        E       F      G
               +--------+--------+--------+--------+--------+-----+--------+
         Total |   8707 |   8553 |    154 |      0 |   6975 |  11 |  791.5 |
       Dungeon |   7984 |   7830 |    154 |      0 |   6506 |   8 |  998.0 |
        Temple |     20 |     20 |      0 |      0 |      0 |   1 |   20.0 |
         Sewer |    328 |    328 |      0 |      0 |    231 |   1 |  328.0 |
       Ossuary |    373 |    373 |      0 |      0 |    238 |   1 |  373.0 |
               +--------+--------+--------+--------+--------+-----+--------+

Top non-repeatable levels by time:
     D:5: 1334 daAuts
     D:1: 1251 daAuts
     D:7: 1082 daAuts
     D:3: 1081 daAuts
     D:6: 1041 daAuts
     D:2: 998 daAuts
     D:4: 930 daAuts
 Ossuary: 373 daAuts
   Sewer: 328 daAuts
     D:8: 264 daAuts
  Temple: 20 daAuts
